 Dungeon Crawl Stone Soup version 0.28-a0-969-g2dcde036d2 (webtiles) character file.

Game seed: 11917671625133135798

119 GadreelV2 the Skirmisher (level 5, -1/33 HPs)
             Began as a Gargoyle Fighter on Dec 1, 2021.
             Slain by a centaur (3 damage)
             ... on level 5 of the Dungeon.
             The game lasted 00:04:52 (2813 turns).

GadreelV2 the Skirmisher (Gargoyle Fighter)         Turns: 2813, Time: 00:04:53

Health: -1/33      AC: 12    Str: 21    XL:     5   Next: 3%
Magic:  5/5        EV:  9    Int:  9    God:
Gold:   102        SH:  4    Dex:  9    Spells: 4/4 levels left

rFire   . . .      SeeInvis .   a - +0 trident
rCold   . . .      Faith    .   c - +0 buckler
rNeg    + . .      Spirit   .   b - +0 scale mail
rPois   ∞          Reflect  .   (no helmet)
rElec   +          Harm     .   (no cloak)
rCorr   .          Rampage  .   j - +0 pair of gloves
Will    .....                   (no boots)
Stlth   ..........              (no amulet)
HPRegen 0.11/turn               (no ring)
MPRegen 0.09/turn               (no ring)

@: no status effects
A: sickness immunity, AC +4, negative energy resistance 1, electricity
resistance, torment resistance 1, petrification resistance
a: no special abilities


You were on level 5 of the Dungeon.
You visited 1 branch of the dungeon, and saw 5 of its levels.

You collected 102 gold pieces.

Inventory:

Hand Weapons
 a - a +0 trident (weapon)
Armour
 b - a +0 scale mail (worn)
 c - a +0 buckler (worn)
 j - a +0 pair of gloves (worn)
Scrolls
 e - 2 scrolls of vulnerability {unknown}
 g - 2 scrolls of brand weapon {unknown}
 h - a scroll of fog {unknown}
 i - 2 scrolls of noise {unknown}
Potions
 d - a potion of might
 f - a potion of resistance {unknown}


   Skills:
 + Level 3.8 Fighting
 * Level 3.8 Polearms
 + Level 3.6 Armour
 + Level 3.6 Shields


You had 4 spell levels left.
You didn't know any spells.
Your spell library contained the following spells:

 Spells                   Type           Power      Damage    Failure   Level
 Gell's Gravitas          Tloc           0%         N/A       98%         3
 Teleport Other           Tloc           0%         N/A       98%         3
 Dispersal                Tloc           0%         N/A       100%        6


Dungeon Overview and Level Annotations

Branches:
Dungeon (5/15)             Temple (0/1) D:5

Altars:
Gozag

Shops:
D:4 (


Innate Abilities, Weirdness & Mutations

You are immune to sickness and miasma.
Your stone body is resilient. (AC +4)
You are immune to poison.
You resist negative energy. (rN+)
You are resistant to electric shocks. (rElec)
You are resistant to unholy torment.
You are immune to petrification.


Message History

The centaur kicks you but does no damage.
The kobold hits you but does no damage.
Found 5 gold pieces.
The centaur hits you but does no damage.
The centaur barely misses you. The adder barely misses you.
You block the killer bee zombie's attack.
The centaur hits you but does no damage.
The centaur closely misses you.
Found a gold piece.
An adder comes into view.
The centaur hits you.
* * * LOW HITPOINT WARNING * * *
You block the centaur's attack.
The adder hisses angrily.
The centaur wields a +0 shortbow.
The centaur shoots an arrow.
The arrow closely misses you. The adder barely misses you.
Found a great sword.
You block the adder's attack.
The adder bites you but does no damage. x2
Found a scale mail.
The adder bites you but does no damage.
The adder bites you but does no damage. x2
The adder barely misses you. The adder bites you but does no damage.
The adder closely misses you.
Found 2 smoky red potions.
The adder bites you but does no damage.
The centaur shoots an arrow.
The arrow barely misses you.
You see here 2 smoky red potions.
The adder bites you but does no damage. The adder bites you but does no damage.
You block the adder's attack.
You see here a +0 hunting sling.
Found an escape hatch in the floor.
The adder completely misses you.
The centaur shoots an arrow.
The arrow hits you.
* * * LOW HITPOINT WARNING * * *
The adder bites you.
* * * LOW HITPOINT WARNING * * *
You open the door.
The centaur unwields a +0 shortbow.
The centaur hits you.
You die...

####### #.# #.# #.#
#.####### ##.#......
##....# +### # ##.....#
....#
###########......#.⌠.⌠.#
##.......)..K.SS@'..>..+
##.########....c.#.⌠.⌠.#
.!.# #......# ....# .###
#.#....# +### .#
#.####.# .# #.# #.# .#
#.# #.# ...... >.. ...
######


You could see a centaur, 2 adders and a kobold.

Vanquished Creatures
  A bullfrog zombie (D:5)
  A gnoll (D:1)
  3 adders
  2 worms (D:2)
  2 dart slugs (D:2)
  3 bats
  5 endoplasms
  5 goblins
  2 hobgoblins
  3 jackals
  5 ball pythons
  3 frilled lizards
  4 kobolds
  3 rats
42 creatures vanquished.

Notes
Turn   | Place    | Note
-------+----------+-------------------------------------------
     0 | D:1      | GadreelV2 the Gargoyle Fighter began the quest for the Orb.
     0 | D:1      | Reached XP level 1. HP: 14/14 MP: 1/1
   244 | D:1      | Reached XP level 2. HP: 12/19 MP: 2/2
   513 | D:1      | Reached XP level 3. HP: 18/23 MP: 3/3
   672 | D:1      | Found a faded altar of an unknown god.
  1503 | D:2      | Reached XP level 4. HP: 22/29 MP: 4/4
  2198 | D:3      | You fall into a shaft and drop 2 floors!
  2198 | D:5      | Entered Level 5 of the Dungeon
  2298 | D:5      | Reached XP level 5. HP: 33/33 MP: 5/5
  2328 | D:5      | Noticed an ogre
  2339 | D:5      | Noticed an ogre
  2341 | D:5      | Found an opulent altar of Gozag.
  2343 | D:4      | Found Xusidacinan's Antique Weapon Shop.
  2767 | D:5      | Noticed a centaur
  2768 | D:5      | Noticed a kobold brigand
  2773 | D:5      | HP: 1/33 [centaur (5)]
  2813 | D:5      | Found a staircase to the Ecumenical Temple.
  2813 | D:5      | Slain by a centaur

Illustrated notes

Levels and vault maps discovered:
D:1:      saegor_arrival_simple_b, layout_rooms,
          dreamdust_ecumenical_altar_grove, st_stairs_7, minivault_27,
          hangedman_decor_points, nrook_mini_backslash
D:2:      minmay_diamond_boxcup, layout_loops_corners, serial_aquarium,
          aquarium_bridge_square [aquarium_subvault_bridge,
          aquarium_subvault_wall, aquarium_subvault_bridge,
          aquarium_subvault_balcony], aquarium_window_fake, aquarium_window_2,
          aquarium_view_2g, aquarium_balcony_1b
D:3:      layout_basic, kiku_gazebo_garden_becter, uniq_ijyb, uniq_sigmund
D:4:      layout_rooms, serial_shops, nicolae_shop_advertising_works
          [nicolae_subvault_shop_adworks], shop_fountains, shop,
          nicolae_take_the_stairs
D:5:      layout_loops_ring, nicolae_gozag_seed_capital,
          minmay_temple_entry_hall, grunt_decor_cap

Skill      XL: |  1  2  3 |
---------------+----------+-----
Polearms       | 2 3 |  3.8
Fighting       | |  3.8
Armour         | |  3.6
Shields        | |  3.6

Action                   |  1- 3 |  4- 6 || total
-------------------------+-------+-------++-------
Melee: Trident           |    82 |    37 ||   119
Armor: Scale mail        |    35 |    25 ||    60
Dodge: Dodged            |    24 |    26 ||    50
Block: Buckler           |    10 |     9 ||    19

Table legend: (Time is in decaauts)
 A = Elapsed time spent in this place.
 B = Non-inter-level travel time spent in this place.
 C = Inter-level travel time spent in this place.
 D = Time resting spent in this place.
 E = Time spent auto-exploring this place.
 F = Levels seen in this place.
 G = Mean time per level.
                   A        B        C        D        E       F      G
               +--------+--------+--------+--------+--------+-----+--------+
         Total |   2834 |   2786 |     48 |    893 |   1468 |   5 |  566.8 |
       Dungeon |   2834 |   2786 |     48 |    893 |   1468 |   5 |  566.8 |
               +--------+--------+--------+--------+--------+-----+--------+

Top non-repeatable levels by time:
     D:2: 1180 daAuts
     D:1: 1021 daAuts
     D:4: 422 daAuts
     D:5: 194 daAuts
     D:3: 15 daAuts
